 Dungeon Crawl Stone Soup version 0.15.0-29-ga8e3430 (webtiles) character file.

117 Iskender the Twirler (level 4, 0/33 HPs)
             Began as a Demonspawn Wanderer on Sept 12, 2014.
             Was an Initiate of Qazlal.
             Slain by an ufetubus (1 damage)
             ... summoned by Eustachio
             ... on Level 4 of the Dungeon.
             The game lasted 00:15:38 (2426 turns).

Iskender the Twirler (Demonspawn Wanderer)          Turns: 2426, Time: 00:15:39

HP   0/33        AC  5     Str 18      XL: 4   Next: 71%
MP  14/14        EV 10     Int 18      God: Qazlal [......]
Gold 126         SH  0     Dex 13      Spells:  0 memorised,  3 levels left

rFire  . . .     SeeInvis .     a - +2 quarterstaff
rCold  . . .     Clarity  .     m - +0 ring mail
rNeg   . . .     rCorr    .     (no shield)
rPois  .         rRot     .     (no helmet)
rElec  .         Spirit   .     (no cloak)
SustAb .         Warding  .     (no gloves)
rMut   .         Stasis   .     (no boots)
Gourm  .                        (no amulet)
MR     .....                    (no ring)
                                l - ring of magical power

@: mighty, brilliant, not resistant to hostile enchantments, very unstealthy
A: talons 1, powered by death 1
a: Renounce Religion


You were on level 4 of the Dungeon.
You worshipped Qazlal.
Qazlal was noncommittal.
You were not hungry.

You visited 1 branch of the dungeon, and saw 4 of its levels.

You collected 126 gold pieces.

Inventory:

Hand weapons
 a - a +2 quarterstaff (weapon)
 b - a +0 hunting sling
 e - a +0 dagger
 g - a +0 falchion
 i - a +0 mace
 k - a +0 hunting sling
 o - a +0 mace
 y - a +0 war axe
 z - a +1 dagger of holy wrath
 B - a +0 hunting sling
Missiles
 p - 123 stones (quivered)
 u - 10 arrows
 A - 18 sling bullets
 F - 14 poisoned needles
Armour
 d - a +0 robe
 m - a +0 ring mail (worn)
Comestibles
 f - 3 bread rations
 j - a royal jelly
 n - 2 meat rations
 I - a rotting chunk of hobgoblin flesh
 J - 2 chunks of goblin flesh
Scrolls
 c - 2 scrolls of teleportation
 h - a scroll of identify {unknown}
 q - a scroll of fear {unknown}
 r - a scroll of fog {unknown}
 t - a scroll of remove curse {unknown}
 v - a scroll of blinking {unknown}
 w - 2 scrolls of amnesia {unknown}
 x - a scroll of recharging {unknown}
 D - a scroll of magic mapping {unknown}
Jewellery
 l - a ring of magical power (left hand)
Potions
 E - a potion of resistance {unknown}
 G - a potion of poison {unknown}
 H - a potion of curing {unknown}


   Skills:
 - Level 2.0 Fighting
 - Level 1.7 Long Blades
 + Level 3.9 Staves
 - Level 1.0 Dodging
 - Level 1.7 Stealth
   Level 1.0 Shields
 - Level 1.8 Invocations
   Level 1.0 Evocations


You had 3 spell levels left.
You didn't know any spells.

Dungeon Overview and Level Annotations

Branches:
Dungeon (4/15)
 Temple: D:4-7

Altars:
Dithmenos
Kikubaaqudgha
Qazlal

Annotations:
D:3 Sigmund
D:4 Eustachio


Innate Abilities, Weirdness & Mutations

You have sharp toenails.
You can steal the life force of nearby defeated enemies.


Message History

Eustachio twirls his moustache.
Eustachio gestures wildly while chanting.
Drink which item? (? for menu, Esc to quit)
You feel very mighty all of a sudden.
It was a potion of might.
The ufetubus barely misses you.
The ufetubus hits you but does no damage.
Eustachio barely misses you.
You sock Eustachio!
Eustachio is severely wounded.
The shadow imp disappears in a puff of smoke!
The ufetubus hits you but does no damage.
The ufetubus hits you.
* * * LOW HITPOINT WARNING * * *
The iron imp hits you.
* * * LOW HITPOINT WARNING * * *
Eustachio hits you with a cutlass.
* * * LOW HITPOINT WARNING * * *
The ufetubus hits you but does no damage.
The ufetubus hits you.
You die...

........ #.. ......... #....(.
#.. #......... #...%# #.#
#%#..# #...### #.# ######.#.#
#...).#####5####.......<#
#####...(((r.5.....##.).######
#######r##br.####...)....#
#.##@### #...####... #.##@#
#...# # #..55# ##### ####..###
##.......## #.........#
##.......## #########


You could see Eustachio, an iron imp, a white imp, an ufetubus, a quokka and a
bat.

Vanquished Creatures
  A scorpion (D:4)
  2 adders (D:2)
  2 giant geckos
  An orc (D:4)
  A ball python (D:1)
  6 bats
  2 giant cockroaches
  7 goblins
  8 hobgoblins
  3 jackals (D:1)
  6 kobolds
  2 quokkas
  A giant newt (D:4)
  5 rats
  A rat skeleton (D:4)
48 creatures vanquished.

Notes
Turn   | Place    | Note
--------------------------------------------------------------
     0 | D:1      | Iskender, the Demonspawn Wanderer, began the quest for the Orb.
     0 | D:1      | Reached XP level 1. HP: 16/16 MP: 1/1
   369 | D:1      | Gained mutation: You can steal the life force of nearby defeated enemies. [demonic ancestry]
   369 | D:1      | Reached XP level 2. HP: 17/22 MP: 2/2
   778 | D:2      | Found an ancient bone altar of Kikubaaqudgha.
   890 | D:2      | Found a shadowy altar of Dithmenos.
  1045 | D:2      | Gained mutation: You have sharp toenails. [demonic ancestry]
  1045 | D:2      | Reached XP level 3. HP: 22/27 MP: 3/3
  1205 | D:2      | Found a stormy altar of Qazlal.
  1214 | D:2      | Became a worshipper of Qazlal Stormbringer
  1339 | D:2      | Reached skill level 1 in Invocations
  1658 | D:3      | Reached skill level 3 in Staves
  2008 | D:3      | Noticed Sigmund
  2183 | D:4      | Noticed a scorpion
  2198 | D:4      | Killed a scorpion
  2198 | D:4      | Reached XP level 4. HP: 22/33 MP: 5/5
  2392 | D:4      | Noticed Eustachio
  2426 | D:4      | HP: 1/33 [Eustachio/cutlass (5)]
  2426 | D:4      | Slain by an ufetubus

Action                   |  1- 3 |  4- 6 || total
-------------------------+-------+-------++-------
Melee: Quarterstaff      |    83 |    18 ||   101
 Fire: Hunting sling     |    40 |    11 ||    51
  Use: Potion            |       |     2 ||     2
  Eat: Chunk             |     3 |     2 ||     5
